 Dungeon Crawl Stone Soup version 0.29.1-2-gbd0b4ee654 (webtiles) character file.

Game seed: 4282467113391774099

9495 anonymouscript the Basher (level 11, -2/101 HPs)
             Began as a Minotaur Berserker on Nov 21, 2022.
             Was an Elder of Trog.
             Slain by a two-headed ogre
             ... wielding a +0 dire flail
              (17 damage)
             ... on level 2 of the Orcish Mines.
             The game lasted 00:27:33 (12730 turns).

anonymouscript the Basher (Minotaur Berserker)     Turns: 12730, Time: 00:27:34

Health: -2/101     AC: 11    Str: 35    XL:     11   Next: 23%
Magic:  10/10      EV: 13    Int:  4    God:    Trog [****..]
Gold:   705        SH:  8    Dex: 11    Spells: 10/10 levels left

rFire   . . .      SeeInvis .   J - +5 flail (freeze)
rCold   . . .      Faith    .   I - +0 kite shield
rNeg    . . .      Spirit   .   r - +1 robe of the Sneaky Songs {Str+4}
rPois   .          Reflect  .   (helmet restricted)
rElec   .          Harm     .   D - +1 cloak {Will+}
rCorr   .          Rampage  .   d - +0 pair of gloves
Will    +....                   L - +0 pair of boots
Stlth   +++.......              (no amulet)
HPRegen 0.26/turn               x - +6 ring of strength
MPRegen 0.12/turn               M - +4 ring of protection

@: on berserk cooldown, slowed, invisible, very slow
A: horns 2, retaliatory headbutt
a: Renounce Religion, Berserk, Trog's Hand, Brothers in Arms


You were on level 2 of the Orcish Mines.
You worshipped Trog.
Trog was greatly pleased with you.
You visited 2 branches of the dungeon, and saw 12 of its levels.

You collected 1137 gold pieces.
You spent 432 gold pieces at shops.

Inventory:

Hand Weapons
 a - a +0 mace
 j - a +0 morningstar
 J - a +5 flail of freezing (weapon)
Missiles
 h - 5 atropa-tipped darts (quivered)
 k - 8 boomerangs
 v - 16 poisoned darts
 w - 9 javelins
 G - 2 throwing nets
Armour
 b - a +0 animal skin
 d - a +0 pair of gloves (worn)
 r - the +1 robe of the Sneaky Songs (worn) {Str+4}
   (You found it on level 2 of the Dungeon)

   Str:       It affects your strength (+4).
 D - a +1 cloak of willpower (worn)
 I - a +0 kite shield (worn)
 L - a +0 pair of boots (worn)
Jewellery
 x - a +6 ring of strength (left hand)
 M - a +4 ring of protection (right hand)
Wands
 o - a wand of roots (16)
 t - a wand of acid (5)
 F - a wand of flame (1)
Scrolls
 g - a scroll of vulnerability {unknown}
 i - a scroll of fear
 l - 6 scrolls of noise {unknown}
 n - 2 scrolls of enchant armour {unknown}
 p - 7 scrolls of identify {unknown}
 q - 4 scrolls of teleportation {unknown}
 y - 2 scrolls of amnesia {unknown}
 A - a scroll of poison {unknown}
 B - a scroll of fog {unknown}
 C - a scroll of brand weapon {unknown}
 H - a scroll of silence {unknown}
Potions
 c - 7 potions of haste
 e - 4 potions of curing
 f - 2 potions of brilliance {unknown}
 m - a potion of invisibility
 s - 3 potions of attraction {unknown}
 u - 2 potions of heal wounds {unknown}
 z - a potion of degeneration {unknown}
 E - a potion of lignification {unknown}
 K - a potion of cancellation {unknown}


   Skills:
 + Level 10.7 Fighting
 + Level 14.9 Maces & Flails
 + Level 2.6 Armour
 + Level 8.2 Dodging
 + Level 5.0 Stealth
 + Level 2.8 Shields


You had 10 spell levels left.
You didn't know any spells.
Your spell library was empty.

Dungeon Overview and Level Annotations

Branches:
Dungeon (10/15)            Temple (0/1) D:4             Orc (2/2) D:9
    Elf (0/3) Orc:2
   Lair: D:8-11

Altars:
Qazlal

Shops:
D:5 !   Orc:1 =(

Annotations:
D:9 2 runed translucent doors, croobank's ghost, novice DsCj


Innate Abilities, Weirdness & Mutations

You have a pair of horns on your head.
You reflexively headbutt those who attack you in melee.


Message History

The ogre mage flickers and vanishes!
Deactivating autopickup; reactivate with Ctrl-A.
You see here a +0 giant spiked club.
There is a stone staircase leading up, spattered with blood here.
You see here a +0 mace.
You sock the troll! You freeze the troll.
The troll is moderately wounded.
An ogre comes into view. It is wielding a +0 giant club.
You block the troll's attack. The troll claws you! x2
The troll bites you but does no damage. The troll misses you.
The troll barely misses you.
The ogre moves out of view.
You barely miss the two-headed ogre. You headbutt the two-headed ogre!
The two-headed ogre is moderately wounded.
The troll bites you but does no damage. You block the troll's attack. x2
Something hits you!
The two-headed ogre hits you with a +0 dire flail.
You block the two-headed ogre's attack.
You're still recovering from your berserk rage.
It was a potion of curing.
You feel better. The troll bites you but does no damage. The troll claws you.
You block the troll's attack. The two-headed ogre barely misses you.
You furiously retaliate!
You headbutt the two-headed ogre! You block the two-headed ogre's attack.
Something hits you but does no damage.
It was a potion of invisibility.
You fade into invisibility!
The troll misses you. The troll closely misses you.
The troll barely misses you. Something hits you.
The two-headed ogre hits you with a +0 dire flail.
The two-headed ogre hits you with a +0 giant club!!
The troll barely misses you. You furiously retaliate!
You headbutt the troll. The troll claws you.
* * * LOW HITPOINT WARNING * * *
The troll claws you.
* * * LOW HITPOINT WARNING * * *
The troll closely misses you. x2; The troll claws you.
* * * LOW HITPOINT WARNING * * *
Something hits you.
* * * LOW HITPOINT WARNING * * *
The two-headed ogre hits you with a +0 dire flail!
You die...

......###........#.........##
.......#.............#.....##
#.##..#...............#.....#
#######....###.....#...#...##
#...###.#.........##### O
##..##.............###### .O
#.........##............#...
##..##....#O#{.............#
#####....[@T#............##
##.#.).O)...........##
#...#.[##..##........#
##.#...#.####.......#.#
##.#.#.....# #...#......
#.........## #..........
##.#..#.### ...........
###...## ...... ##.##


You could see a two-headed ogre (unable to see you), a troll (unable to see you)
and an ogre (unable to see you).

Vanquished Creatures
  An ogre mage (Orc:2)
  3 two-headed ogres
  2 orc knights
  Maurice (D:8)
  2 trolls
  A wraith (D:9)
  A warg (Orc:2)
  4 water moccasins
  Duvessa (D:6)
  An acid dragon (D:8)
  6 orc warriors
  A sky beast (D:8)
  11 ogres
  A centaur (D:9)
  A phantom (D:5)
  2 kobold brigands
  Blork the orc (D:4)
  2 gnoll sergeants (D:9)
  2 bullfrogs (D:8)
  A necrophage (D:7)
  2 scorpions
  17 wights
  Dowan (D:6)
  10 killer bees
  3 hounds (D:5)
  6 orc priests
  An iguana (D:5)
  5 orc wizards
  6 adders
  7 gnolls (D:9)
  A shadow imp (D:8)
  3 worms
  3 dart slugs
  50 orcs
  8 endoplasms
  2 giant cockroaches
  7 goblins
  7 hobgoblins
  12 jackals
  20 kobolds
  4 quokkas
  8 ball pythons
  2 bats
  3 frilled lizards (D:1)
  5 rats
238 creatures vanquished.

Vanquished Creatures (collateral kills)
  2 orc warriors (Orc:1)
  4 orcs (Orc:1)
6 creatures vanquished.

Vanquished Creatures (others)
  An orc wizard (D:4)
1 creature vanquished.

Grand Total: 245 creatures vanquished

Notes
Turn   | Place    | Note
-------+----------+-------------------------------------------
     0 | D:1      | anonymouscript the Minotaur Berserker began the quest for
                  | the Orb.
     0 | D:1      | Reached XP level 1. HP: 19/19 MP: 0/0
    77 | D:1      | Reached XP level 2. HP: 19/27 MP: 1/1
   169 | D:1      | Reached skill level 4 in Maces & Flails
   221 | D:1      | Reached ** piety under Trog
   246 | D:1      | Reached XP level 3. HP: 30/33 MP: 2/2
  1117 | D:2      | Reached skill level 5 in Maces & Flails
  1117 | D:2      | Reached XP level 4. HP: 36/40 MP: 3/3
  1530 | D:2      | Identified the +1 robe of the Sneaky Songs {Str+4}
  2638 | D:3      | Reached skill level 1 in Stealth
  2885 | D:4      | Reached *** piety under Trog
  2910 | D:4      | Reached XP level 5. HP: 47/47 MP: 4/4
  2927 | D:4      | Noticed an ogre
  2934 | D:4      | Killed an ogre
  2935 | D:4      | Reached skill level 6 in Maces & Flails
  2997 | D:4      | Noticed Blork the orc
  3003 | D:4      | Killed Blork the orc
  3004 | D:4      | Reached XP level 6. HP: 53/53 MP: 5/5
  3131 | D:5      | Entered Level 5 of the Dungeon
  3314 | D:5      | Reached skill level 7 in Maces & Flails
  3560 | D:5      | Reached skill level 5 in Fighting
  3560 | D:5      | Reached XP level 7. HP: 60/61 MP: 6/6
  3624 | D:5      | Reached skill level 8 in Maces & Flails
  3842 | D:5      | Found Orahun's Distillery.
  4149 | D:5      | Found a stormy altar of Qazlal.
  4306 | D:4      | Found a staircase to the Ecumenical Temple.
  4382 | D:4      | Reached skill level 9 in Maces & Flails
  4382 | D:4      | Reached XP level 8. HP: 11/70 MP: 7/7
  4947 | D:6      | Noticed Duvessa
  4947 | D:6      | Noticed Dowan
  4952 | D:6      | Killed Duvessa
  4955 | D:6      | Killed Dowan
  4955 | D:6      | Reached **** piety under Trog
  6154 | D:7      | Reached skill level 10 in Maces & Flails
  6621 | D:8      | Reached skill level 5 in Dodging
  6959 | D:8      | Noticed Maurice
  7189 | D:8      | Reached XP level 9. HP: 68/79 MP: 8/8
  7337 | D:8      | Reached skill level 11 in Maces & Flails
  7927 | D:8      | Killed Maurice
  8458 | D:8      | Reached skill level 12 in Maces & Flails
  8897 | D:10     | Entered Level 10 of the Dungeon
  9566 | D:9      | Found a staircase to the Orcish Mines.
  9568 | D:9      | Noticed a two-headed ogre
  9690 | D:9      | Found a large runed translucent door.
  9690 | D:9      | Found a large runed translucent door.
  9694 | D:9      | Noticed croobank's ghost (novice DsCj)
  9706 | D:9      | Killed a two-headed ogre
  9707 | D:9      | Reached skill level 13 in Maces & Flails
  9707 | D:9      | Reached XP level 10. HP: 90/90 MP: 9/9
 11117 | D:10     | Noticed a two-headed ogre
 11262 | Orc:1    | Entered Level 1 of the Orcish Mines
 11264 | Orc:1    | Found Qiwkuh's Weapon Shoppe.
 11296 | Orc:1    | Noticed a two-headed ogre
 11296 | Orc:1    | Noticed an orc knight
 11314 | Orc:1    | Killed a two-headed ogre
 11315 | Orc:1    | Reached skill level 14 in Maces & Flails
 11325 | Orc:1    | Killed an orc knight
 11326 | Orc:1    | Reached skill level 1 in Shields
 11750 | Orc:2    | Entered Level 2 of the Orcish Mines
 11916 | Orc:2    | Found a staircase to the Elven Halls.
 11945 | Orc:2    | Noticed an orc knight
 11958 | Orc:2    | Killed an orc knight
 11959 | Orc:2    | Reached skill level 10 in Fighting
 12365 | Orc:2    | Noticed an ogre mage
 12407 | Orc:1    | Found Wato's Jewellery Emporium.
 12413 | Orc:1    | Noticed a two-headed ogre
 12422 | Orc:1    | Killed a two-headed ogre
 12423 | Orc:1    | Reached XP level 11. HP: 75/100 MP: 10/10
 12672 | Orc:1    | Bought a +4 ring of protection for 432 gold pieces
 12701 | Orc:2    | Killed an ogre mage
 12706 | Orc:2    | Reached skill level 5 in Stealth
 12720 | Orc:2    | Noticed a two-headed ogre
 12720 | Orc:2    | Noticed an ogre mage
 12730 | Orc:2    | Slain by a two-headed ogre

Illustrated notes

Levels and vault maps discovered:
D:1:      scummos_arrival_hexagon, layout_rooms
D:2:      layout_loops_ring
D:3:      layout_basic, minivault_4
D:4:      layout_rooms, minmay_temple_entry_antechambers, uniq_blork_the_orc
D:5:      layout_rooms, general_overflow_altar, serial_shops, kennysheep_mini
D:6:      layout_basic, uniq_duvessa
D:7:      layout_basic
D:8:      cheibrodos_helix_gallery, layout_basic, uniq_maurice
D:9:      layout_small_grid, david_orc_2, ebering_ghost_disaster_area
D:10:     layout_cave_pools, dpeg_oklobed_lair, serial_shops, shop,
          grunt_ministairs_13, minmay_diamond_spiral
Orc:1:    layout_diamond_mine, nicolae_volcano_entry_batcave, serial_shops,
          shop, nicolae_shop_waterfront, shop
Orc:2:    st_orc_open, layout_caves

Skill      XL: |  1  2  3  4  5  6  7  8  9 10 11 |
---------------+----------------------------------+-----
Fighting       | 4 5 7 8 10 | 10.7
Maces & Flails | 4 5 6 7 9 10 13 14 | 14.9
Dodging        | 3 4 5 6 7 8 |  8.2
Stealth        | 1 2 3 4 5 |  5.0
Shields        | 2 |  2.8
Armour         | |  2.6

Action                   |  1- 3 |  4- 6 |  7- 9 | 10-12 || total
-------------------------+-------+-------+-------+-------++-------
Melee: Mace              |    79 |     4 |       |       ||    83
       Headbutt          |    10 |    14 |    45 |    21 ||    90
       Morningstar       |       |    95 |   223 |    37 ||   355
       Punch             |       |       |     3 |       ||     3
       Flail             |       |       |       |    87 ||    87
Invok: Berserk           |     1 |     2 |     7 |     6 ||    16
       Trog's Hand       |       |       |     1 |     1 ||     2
       Brothers in Arms  |       |       |     1 |     1 ||     2
  Use: Scroll            |       |     1 |       |       ||     1
       Potion            |       |       |       |     2 ||     2
 Stab: Sleeping          |     1 |     4 |     2 |     1 ||     8
Armor: Animal skin       |    19 |     5 |       |       ||    24
       Robe              |       |    16 |    25 |    27 ||    68
Dodge: Dodged            |    50 |    65 |   120 |    90 ||   325
Block: Kite shield       |       |       |       |    36 ||    36
